 Dungeon Crawl Stone Soup version 0.24-a0-375-g4de66ed42b (webtiles) character file.

Game seed: 14160902763661396362

18811 ohad the Martial Artist (level 12, -1/104 HPs)
             Began as an Octopode Transmuter on May 31, 2019.
             Was an Initiate of Gozag.
             Slain by a polar bear (2 damage)
             ... in an ice cave.
             The game lasted 00:42:43 (16816 turns).

ohad the Martial Artist (Octopode Transmuter)      Turns: 16816, Time: 00:42:45

Health: -1/104     AC:  6    Str:  8    XL:     12   Next: 62%
Magic:  13/18      EV: 15    Int: 19    God:    Gozag
Gold:   1137       SH:  0    Dex: 13    Spells: 4/19 levels left

rFire    . . .     SeeInvis .     - Unarmed
rCold    + + +     Gourm    .   (shield currently unavailable)
rNeg     . . .     Faith    .   (helmet currently unavailable)
rPois    +         Spirit   .   H - amulet of regeneration
rElec    .         Reflect  .   x - ring of protection from fire
rCorr    .         Harm     .   z - ring of protection from magic
MR       +....                  (no ring)
Stlth    ++........             (no ring)
HPRegen  0.67/turn              (no ring)
MPRegen  0.16/turn              (no ring)
                                (no ring)
                                (no ring)

@: ice-form, gold aura, very slightly contaminated
A: large, almost no armour, stealthy swim, amphibious, 8 rings, (constrict 8),
weak 1
a: End Transformation, Potion Petition, Call Merchant, Bribe Branch, Renounce
Religion


You were in an ice cave.
You worshipped Gozag.
Gozag was most pleased with you.
You were not hungry.
You were a creature of crystalline ice.
You visited 3 branches of the dungeon, and saw 13 of its levels.
You also visited: Ice Cave.

You collected 3066 gold pieces.
You paid 1929 gold pieces to Gozag.

Inventory:

Hand Weapons
 b - a +1 whip of electrocution
 s - the +9 staff of Olgreb {rPois}
   (You found it on level 9 of the Dungeon)

   It protects you from poison.
Missiles
 a - 343 arrows
 D - 10 boomerangs (quivered)
 J - 12 poisoned darts
Armour
 B - a cursed +0 large shield
 F - a +0 buckler
Jewellery
 k - a cursed -3 ring of protection
 x - a ring of protection from fire (left front paw)
 z - a ring of protection from magic (right front paw)
 H - an amulet of regeneration (around neck)
Wands
 f - a wand of disintegration (8)
 v - a wand of polymorph (6)
 G - a wand of paralysis (2)
 K - a wand of random effects (19)
Scrolls
 d - 3 scrolls of amnesia
 e - 4 scrolls of teleportation
 g - 4 scrolls of immolation {unknown}
 h - 12 scrolls of remove curse
 i - 3 scrolls of enchant weapon {unknown}
 q - a scroll of magic mapping
 r - 2 scrolls of enchant armour {unknown}
 u - a scroll of blinking
 y - a scroll of brand weapon
 E - 3 scrolls of fog
Potions
 j - 2 potions of might
 l - 3 potions of brilliance
 m - 2 potions of resistance
 n - 3 potions of lignification
 o - 6 potions of curing
 t - a potion of degeneration
 w - a potion of mutation
 C - a potion of invisibility
 I - a potion of agility
Comestibles
 c - 6 rations


   Skills:
 + Level 9.9 Fighting
 - Level 10.1 Dodging
 - Level 2.2 Stealth
 - Level 13.0 Unarmed Combat
 - Level 4.2 Spellcasting
 - Level 4.5 Transmutations
 - Level 4.4 Ice Magic


You had 4 spell levels left.
You knew the following spells:

 Your Spells              Type           Power        Failure   Level  Hunger
a - Beastly Appendage     Tmut           ###...       1%          1    None
b - Sticks to Snakes      Tmut           ###.....     3%          2    #......
c - Spider Form           Tmut/Pois      ##........   16%         3    ###....
d - Ice Form              Ice/Tmut       ###.....     22%         4    ####...
e - Blade Hands           Tmut           ###.......   50%         5    ######.

Your spell library contained the following spells:

 Spells                   Type           Power        Failure   Level  Hunger
 Ensorcelled Hibernation  Hex/Ice        ##....       9%          2    #......
 Apportation              Tloc           #.....       14%         1    None
 Corona                   Hex            #......      14%         1    None
 Shock                    Conj/Air       #...         14%         1    None
 Summon Butterflies       Summ           #.......     14%         1    None
 Swiftness                Chrm/Air       #.......     21%         2    #......
 Confuse                  Hex            #.......     38%         3    ###....
 Dazzling Spray           Conj/Hex       #.....       38%         3    ###....
 Lesser Beckoning         Tloc           #.........   38%         3    ###....
 Static Discharge         Conj/Air       #.......     38%         3    ###....
 Tukima's Dance           Hex            #.......     38%         3    ###....
 Airstrike                Air            #.........   80%         4    ####...
 Alistair's Intoxication  Tmut/Pois      ##......     82%         5    ######.
 Bolt of Magma            Conj/Fire/Erth #.........   98%         5    ######.
 Iskenderun's Battlesphe  Conj/Chrm      #.......     98%         5    ######.
 Lightning Bolt           Conj/Air       #.........   98%         5    ######.
 Venom Bolt               Conj/Pois      #.........   98%         5    ######.
 Invisibility             Hex            #.......     100%        6    #######
 Iron Shot                Conj/Erth      #.........   100%        6    #######
 Orb of Destruction       Conj           #.........   100%        7    #######
 Spellforged Servitor     Conj/Summ      #.........   100%        7    #######


Dungeon Overview and Level Annotations

Branches:
Dungeon (11/15)            Temple (1/1) D:4            Lair (1/6) D:8
    Orc (0/2) D:11

Altars:
Ashenzari
Cheibriados
Dithmenos
Elyvilon
Fedhas
Gozag
Kikubaaqudgha
Makhleb
Nemelex Xobeh
Okawaru
Ru
Sif Muna
Uskayaw
Vehumet
Xom
Yredelemnul
Zin
The Shining One

Shops:
D:9 ([[   D:10 }

Annotations:
D:9 1 runed translucent door


Innate Abilities, Weirdness & Mutations

You cannot wear most types of armour.
You are very stealthy in the water. (Stealth+)
You are amphibious.
You can wear up to eight rings at the same time.
((You can use your tentacles to constrict eight enemies at once.))
((Your skin changes colour to match your surroundings (Stealth+).))
((Your rubbery body absorbs attacks. (AC +1, EV +1)))
You are weak. (Str -2)


Message History

You hit the polar bear but do no damage.
The polar bear is heavily wounded.
The polar bear bites you. The polar bear misses you.
The polar bear claws you but does no damage.
You punch the polar bear! You freeze the polar bear.
The polar bear is severely wounded.
The polar bear goes berserk!
You punch the polar bear! You freeze the polar bear.
The polar bear is almost dead.
The polar bear bites you!!
* * * LOW HITPOINT WARNING * * *
The polar bear closely misses you.
The polar bear claws you but does no damage.
You hit the polar bear.
The polar bear is almost dead.
The polar bear bites you!!
* * * LOW HITPOINT WARNING * * *
The polar bear claws you.
You die...
Your body crumbles into a pile of gold.

####.#...##
##......###
##....####
##..####
#..###
#....###
###....###
###..$.###
###.Yh.#
####....#
##... ..


You could see a polar bear (berserk).

Vanquished Creatures
  A two-headed ogre (D:8)
  Nergalle (D:10)
  An obsidian statue (D:10)
  3 ice statues
  Joseph (D:10)
  A black mamba (Lair:1)
  Psyche (D:10)
  A kobold demonologist (D:8)
  7 polar bears (IceCv)
  A troll (D:10)
  3 hippogriffs
  17 yaks
  Grum (D:10)
  Eustachio (D:5)
  A hungry ghost (D:8)
  6 water moccasins
  Duvessa (D:6)
  2 porcupines (D:8)
  4 soldier ants (D:9)
  8 ice beasts (Lair:1)
  8 orc warriors
  4 sky beasts
  4 phantoms
  A black bear (D:7)
  4 ogres
  A necrophage (D:10)
  11 wolves
  7 centaurs
  6 crocodiles
  A big kobold (D:8)
  5 bullfrogs
  A gnoll sergeant (D:11)
  Dowan (D:6)
  A water moccasin skeleton (D:5)
  9 wights
  22 killer bees
  7 howler monkeys
  7 crimson imps
  A centaur zombie (D:8)
  A quasit (D:10)
  2 jellies
  7 hounds
  7 orc priests
  A centaur skeleton (D:6)
  6 orc wizards
  2 iguanas
  11 worker ants
  A hound zombie (D:3)
  A worker ant zombie (D:7)
  A howler monkey skeleton (D:4)
  A howler monkey zombie (D:5)
  14 gnolls
  18 adders
  5 shadow imps
  An ooze (D:4)
  An adder skeleton (D:7)
  An adder zombie (D:6)
  3 worms
  A dart slug (D:2)
  8 leopard geckos
  50 orcs
  14 giant cockroaches
  5 goblins
  9 hobgoblins
  12 jackals
  9 kobolds
  6 quokkas
  3 ball pythons
  A ball python skeleton (D:4)
  14 bats
  6 frilled lizards
  A jackal skeleton (D:8)
  6 rats
392 creatures vanquished.

Vanquished Creatures (others)
  2 fungi (D:8)
  2 plants (D:8)
4 creatures vanquished.

Grand Total: 396 creatures vanquished

Notes
Turn   | Place    | Note
-------+----------+-------------------------------------------
     0 | D:1      | ohad the Octopode Transmuter began the quest for the Orb.
     0 | D:1      | Reached XP level 1. HP: 13/13 MP: 3/3
   473 | D:1      | Reached XP level 2. HP: 16/18 MP: 3/5
   589 | D:1      | Found a glowing golden altar of the Shining One.
  1311 | D:2      | Learned a level 2 spell: Sticks to Snakes
  1318 | D:2      | Reached XP level 3. HP: 17/23 MP: 6/6
  1484 | D:2      | Reached skill level 1 in Stealth
  1524 | D:2      | Learned a level 3 spell: Spider Form
  1685 | D:2      | Reached XP level 4. HP: 22/28 MP: 5/7
  2512 | D:3      | Reached XP level 5. HP: 33/34 MP: 1/8
  2581 | D:3      | Reached skill level 4 in Unarmed Combat
  3242 | D:3      | Found a faded altar of an unknown god.
  3665 | D:4      | Reached XP level 6. HP: 38/39 MP: 10/10
  3674 | D:4      | Learned a level 4 spell: Ice Form
  3686 | D:4      | Reached skill level 1 in Ice Magic
  4028 | D:4      | Found a staircase to the Ecumenical Temple.
  4032 | D:4      | Noticed a phantom
  4039 | Temple   | Entered the Ecumenical Temple
  4055 | Temple   | Killed a phantom
  4397 | D:4      | Noticed a phantom
  4404 | D:4      | Noticed a phantom
  4415 | D:4      | Killed a phantom
  4415 | D:4      | Reached XP level 7. HP: 45/45 MP: 4/11
  4652 | Temple   | Became a worshipper of Gozag Ym Sagoz the Greedy
  4687 | D:5      | Entered Level 5 of the Dungeon
  4878 | D:5      | Noticed Eustachio
  4892 | D:5      | Killed Eustachio
  5471 | D:5      | Reached XP level 8. HP: 44/50 MP: 14/14
  5876 | D:5      | Found a shadowy altar of Dithmenos.
  6073 | D:6      | Noticed Duvessa
  6075 | D:6      | Noticed Dowan
  6085 | D:6      | Killed Duvessa
  6090 | D:6      | Killed Dowan
  6161 | D:6      | Reached skill level 5 in Unarmed Combat
  6663 | D:6      | Reached skill level 6 in Unarmed Combat
  6663 | D:6      | Reached XP level 9. HP: 59/59 MP: 11/15
  7200 | D:7      | Reached skill level 7 in Unarmed Combat
  7635 | D:7      | Reached skill level 8 in Unarmed Combat
  7681 | D:7      | Found a sacrificial altar of Ru.
  7692 | D:7      | Found a shattered altar of Ashenzari.
  7808 | D:7      | Found a basalt altar of Yredelemnul.
  7811 | D:7      | Found a snail-covered altar of Cheibriados.
  8208 | D:8      | Reached skill level 9 in Unarmed Combat
  8213 | D:8      | Reached skill level 5 in Dodging
  8227 | D:8      | Reached XP level 10. HP: 31/65 MP: 16/16
  8531 | D:8      | Found a staircase to the Lair.
  8541 | D:8      | Reached skill level 5 in Fighting
  8771 | D:8      | Learned a level 5 spell: Blade Hands
  9160 | D:8      | Noticed a kobold demonologist
  9172 | D:8      | Noticed an orange demon
  9200 | D:8      | Killed a kobold demonologist
  9810 | D:8      | Reached skill level 10 in Unarmed Combat
 10030 | D:9      | Noticed a two-headed ogre
 10039 | D:8      | Killed a two-headed ogre
 11036 | D:9      | Found Sebremye's Weapon Shop.
 11051 | D:9      | Reached XP level 11. HP: 75/75 MP: 13/17
 11055 | D:9      | Found a burning altar of Makhleb.
 11071 | D:9      | Found a shimmering altar of Xom.
 11077 | D:9      | Found Hianaic's Armour Emporium.
 11357 | D:9      | Found the +9 staff of Olgreb {rPois}
 11645 | D:9      | Found an iron altar of Okawaru.
 11734 | D:9      | Found Joz Fitt's Antique Armour Boutique.
 11838 | D:9      | Found a runed translucent door.
 11843 | D:9      | Found a runed translucent gate.
 11843 | D:9      | Found a runed translucent gate.
 11844 | D:9      | Found a runed translucent door.
 11856 | D:9      | Found a runed translucent gate.
 12268 | D:10     | Entered Level 10 of the Dungeon
 12797 | D:10     | Noticed Joseph
 12812 | D:10     | Killed Joseph
 13418 | D:10     | Noticed Grum
 13440 | D:10     | Killed Grum
 13447 | D:10     | Reached skill level 11 in Unarmed Combat
 13896 | D:10     | Noticed Nergalle
 13908 | D:10     | Killed Nergalle
 14454 | D:10     | Noticed Psyche
 14475 | D:10     | Killed Psyche
 14475 | D:10     | Reached skill level 12 in Unarmed Combat
 14656 | D:10     | Noticed an obsidian statue
 14684 | D:10     | Noticed a sixfirhy
 14684 | D:10     | Gained mutation: You are weak. (Str -2) [a neqoxec]
 14685 | D:10     | Killed an obsidian statue
 14715 | D:10     | Found San Wuridaixt's Gadget Shop.
 15340 | D:11     | Reached XP level 12. HP: 84/84 MP: 18/18
 15357 | D:11     | Reached skill level 13 in Unarmed Combat
 15768 | D:11     | Found a staircase to the Orcish Mines.
 15856 | D:11     | Noticed a death knight
 16055 | Lair:1   | Entered Level 1 of the Lair of Beasts
 16125 | Lair:1   | Found a frozen archway.
 16197 | IceCv    | Entered an ice cave
 16207 | IceCv    | Reached skill level 10 in Dodging
 16816 | IceCv    | HP: 1/104 [polar bear (25)]
 16816 | IceCv    | Slain by a polar bear

Levels and vault maps discovered:
D:1:      minmay_arrival_widening_spiral_wide, layout_basic, tso_metal_star
D:2:      minmay_diamond_boxcup, layout_basic, first_ration,
          minmay_worlds_worst_comb
D:3:      layout_basic, chequers_ecumenical_altar_simple, roderic_batcave
D:4:      layout_rooms, minmay_temple_entry_statues_pillars
D:5:      layout_gridville, grunt_dithmenos_shadows, uniq_eustachio
D:6:      layout_cave_pools, uniq_duvessa
D:7:      layout_loops_corners, grunt_temple_overflow_cloverleaf
D:8:      layout_basic, minmay_lair_entry_grove
D:9:      layout_layer_cave, grunt_temple_overflow_champion_of_chaos,
          lemuel_coloured_pillars_altar, serial_shops, kennysheep_little_box,
          shop, shop, grunt_ogre_cave, minmay_guarded_unrand_staff_of_olgreb
D:10:     minmay_separated_statues, layout_irregular_city, serial_shops, shop,
          grunt_tough_drop, uniq_nergalle, uniq_joseph, uniq_grum, uniq_psyche
D:11:     layout_gridville, minmay_orc_entry_temple_small
Temple:   nicolae_temple_figure_eight
Lair:1:   layout_small_grid, portal_ice_cave_entry_ice_beasts,
          hangedman_lair_generics_rect, uniq_urug
IceCv:    ice_cave_small_giant

Skill      XL: |  1  2  3  4  5  6  7  8  9 10 11 12 |
---------------+-------------------------------------+-----
Stealth        | 2 |  2.2
Fighting       | 2 4 7 8 9 |  9.9
Unarmed Combat | 4 6 9 10 12 13 | 13.0
Dodging        | 3 4 6 8 10 | 10.1
Ice Magic      | 3 4 |  4.4
Transmutations | 3 4 |  4.5
Spellcasting   | 4 |  4.2

Action                   |  1- 3 |  4- 6 |  7- 9 | 10-12 || total
-------------------------+-------+-------+-------+-------++-------
Melee: Unarmed           |    81 |   184 |   242 |   727 ||  1234
       Kick              |     8 |     4 |     7 |       ||    19
       Constrict         |    15 |    22 |    14 |     4 ||    55
       Tentacles         |     6 |    17 |    14 |     6 ||    43
       Punch             |     2 |     1 |     2 |     2 ||     7
 Cast: Beastly Appendage |     9 |     4 |     4 |       ||    17
       Spider Form       |     1 |    15 |    10 |       ||    26
       Ice Form          |       |     2 |    13 |    60 ||    75
       Sticks to Snakes  |       |     1 |     4 |     7 ||    12
Invok: Potion Petition   |       |       |     2 |     3 ||     5
 Abil: End Transformatio |       |       |     2 |       ||     2
  Use: Scroll            |     3 |     3 |     4 |    11 ||    21
       Potion            |       |       |     3 |     6 ||     9
 Stab: Sleeping          |     6 |     8 |     6 |     5 ||    25
       Distracted        |       |       |       |     3 ||     3
  Eat: Chunk             |     3 |    10 |       |       ||    13
       Ration            |       |       |     5 |    13 ||    18
Armor: Skin              |     5 |    19 |    30 |   135 ||   189
Dodge: Dodged            |    52 |   155 |   211 |   518 ||   936

Table legend:
 A = Non-vault XP
 B = Vault XP
 C = Vault XP percentage of total XP
 D = Non-vault monster count
 E = Vault monster count
 F = Vault count percentage of total count
                 A         B        C        D         E       F
            +---------+---------+-------+---------+---------+-------
      Total |   13657 |   13216 |  49.2 |     296 |      96 |  24.5
            +---------+---------+-------+---------+---------+-------
        D:1 |      30 |       0 |   0.0 |      15 |       0 |   0.0
        D:2 |      64 |      36 |  36.0 |      22 |      13 |  37.1
        D:3 |     168 |      11 |   6.1 |      31 |       8 |  20.5
        D:4 |     392 |       0 |   0.0 |      14 |       0 |   0.0
        D:5 |     482 |     252 |  34.3 |      16 |       2 |  11.1
        D:6 |     676 |     204 |  23.2 |      14 |       2 |  12.5
        D:7 |     987 |       0 |   0.0 |      25 |       0 |   0.0
        D:8 |    3231 |    1689 |  34.3 |      47 |      12 |  20.3
        D:9 |    2205 |    1815 |  45.1 |      42 |      21 |  33.3
       D:10 |    2177 |    3510 |  61.7 |      26 |      10 |  27.8
       D:11 |    2423 |       0 |   0.0 |      40 |       0 |   0.0
     Temple |     121 |       0 |   0.0 |       1 |       0 |   0.0
     Lair:1 |     701 |    1031 |  59.5 |       3 |       8 |  72.7
      IceCv |       0 |    4668 | 100.0 |       0 |      20 | 100.0
            +---------+---------+-------+---------+---------+-------
